Map: Blackrock LE

Players

axleS - Winner!

  • Race: Zerg Zerg
  • League: Diamond

Maniac

  • Race: Protoss Protoss
  • League: Diamond

VOD

Have the link to the VOD?

Description

Time

  • Played on: July 30, 2026, 8:55 p.m.
  • Length: 5:16
Show
View Real Time Build Order
Export as new Build Order

axleS Zerg - Winner!

Build Orders: Hatch First 

Get SALT Encoding   

  8  0:01  Drone  
  9  0:10  Drone  
  10  0:16  Drone  
  11  0:28  Overlord  
  11  0:34  Drone  
  12  0:46  Drone x2  
  14  0:53  Drone  
  15  1:01  Drone  
  16  1:12  Drone  
  17  1:24  Drone  
  18  1:31  Hatchery  
  17  1:33  Drone  
  17  1:38  Extractor  
  17  1:43  Drone  
  17  1:45  Spawning Pool  
  18  1:54  Drone  
  18  2:01  Drone  
  19  2:12  Overlord  
  19  2:22  Drone  
  20  2:36  Queen  
  22  2:38  Zergling x2  
  23  2:45  Queen, Metabolic Boost  
  25  2:54  Drone  
  25  2:55  Zergling x6  
  30  3:05  Zergling x4  
  31  3:16  Zergling x2  
  31  3:17  Overlord  
  32  3:37  Zergling x8  
  32  3:39  Baneling Nest  
  35  3:42  Zergling x2  
  36  3:51  Zergling x2  
  36  3:52  Zergling x2  
  38  4:04  Zergling x4  
  38  4:05  Overlord x2  
  40  4:20  Zergling x2  
  39  4:35  Zergling x4  
  39  4:36  Zergling x16  
  49  4:59  Zergling x8  
  53  5:04  Spore Crawler  
  53  5:05  Spore Crawler  
Show
View Real Time Build Order
Export as new Build Order

Maniac Protoss 

Build Orders:  

Get SALT Encoding   

  8  0:00  Probe  
  9  0:12  Probe  
  10  0:24  Probe  
  11  0:34  Pylon  
  11  0:36  Probe  
  12  0:49  Probe  
  13  0:56  Gateway  
  13  1:02  Probe  
  14  1:09  Assimilator  
  14  1:15  Probe  
  15  1:27  Probe  
  16  1:37  Pylon  
  16  1:49  Probe  
  17  1:58  Nexus  
  17  2:07  Probe  
  18  2:17  Cybernetics Core  
  18  2:20  Probe (Chrono Boost)  
  19  2:27  Pylon  
  19  2:44  Gateway  
  19  2:48  Probe  
  20  2:52  Adept  
  22  3:01  Probe  
  23  3:09  Pylon  
  23  3:12  Probe  
  24  3:13  Probe  
  24  3:19  Assimilator  
  25  3:25  Adept  
  27  3:29  Probe  
  27  3:31  Probe  
  29  3:43  Stargate  
  29  3:48  Probe (Chrono Boost)  
  31  3:49  Probe (Chrono Boost)  
  31  3:57  Adept (Chrono Boost), Probe (Chrono Boost)  
  31  3:58  Probe (Chrono Boost)  
Tags
 
Add a new tag
Caveats
  • Supply blocks, unpowered buildings, or Contaminate may cause inaccurate times.
  • Supply counts are checked every 10 seconds.